 Dungeon Crawl Stone Soup version 0.21.0-37-g46506fa (webtiles) character file.

375 Mesmaeker13 the Firebug (level 6, 0/45 HPs)
             Began as a Demigod Fire Elementalist on Feb 1, 2018.
             Slain by an orc wizard
             ... wielding a +0 dagger
              (1 damage)
             ... on level 5 of the Dungeon.
             The game lasted 00:10:46 (4788 turns).

Mesmaeker13 the Firebug (Demigod Fire Elementalist) Turns: 4788, Time: 00:10:47

Health: 0/45       AC:  6    Str: 13    XL:     6   Next: 20%
Magic:  5/11       EV: 14    Int: 21    God:
Gold:   134        SH:  0    Dex: 16    Spells: 2/8 levels left

rFire    . . .     SeeInvis .   k - +3 quarterstaff (chaos)
rCold    . . .     Gourm    .   (shield currently unavailable)
rNeg     . . .     Faith    .   a - +0 robe
rPois    .         Spirit   .   l - +0 helmet
rElec    .         Reflect  .   m - +0 cloak
rCorr    .         Harm     .   (no gloves)
MR       .....                  h - +0 pair of boots
Stlth    +.........             (no amulet)
HPRegen  0.15/turn              r - +1 ring of protection
MPRegen  0.12/turn              (no ring)

@: confused
A: high mp 1
a: no special abilities


You were on level 5 of the Dungeon.
You were not hungry.

You visited 1 branch of the dungeon, and saw 5 of its levels.

You collected 134 gold pieces.

Inventory:

Hand Weapons
 i - a +3 club
 k - a +3 quarterstaff of chaos (weapon)
 q - a +0 falchion of holy wrath
Armour
 a - a +0 robe (worn)
 h - a +0 pair of boots (worn)
 l - a +0 helmet (worn)
 m - a +0 cloak (worn)
Jewellery
 r - a +1 ring of protection (left hand)
Scrolls
 d - a scroll of fog {unknown}
 e - a scroll of remove curse
 g - a scroll of fear {unknown}
 n - a scroll of blinking {unknown}
 o - a scroll of amnesia {unknown}
 u - a scroll of teleportation {unknown}
Potions
 f - 2 potions of agility
 j - a potion of might
 p - a potion of curing {unknown}
 s - a potion of flight {unknown}
 t - a potion of lignification {unknown}
Books
 b - a book of Flames

   Spells                             Type                      Level
   a - Flame Tongue                   Conjuration/Fire             1
   b - Throw Flame                    Conjuration/Fire             2
   c - Conjure Flame                  Conjuration/Fire             3
   d - Inner Flame                    Hexes/Fire                   3
   e - Sticky Flame                   Conjuration/Fire             4
   f - Fireball                       Conjuration/Fire             5
Comestibles
 c - 3 rations


   Skills:
 + Level 3.8 Dodging
 - Level 1.7 Stealth
 - Level 1.7 Spellcasting
 + Level 3.4 Conjurations
 + Level 4.4 Fire Magic


You had 2 spell levels left.
You knew the following spells:

 Your Spells              Type           Power        Failure   Level  Hunger
a - Flame Tongue          Conj/Fire      ###..        3%          1    #......
b - Throw Flame           Conj/Fire      ###...       4%          2    ###....
c - Conjure Flame         Conj/Fire      ###.....     9%          3    ###....


Dungeon Overview and Level Annotations

Branches:
Dungeon (5/15)
 Temple: D:4-7

Annotations:
D:4 KeeTraxx's ghost, amateur CeAM


Innate Abilities, Weirdness & Mutations

You have an increased reservoir of magic. (+10% MP)


Message History

You hear some strange, mumbled words.
A puff of flame appears from out of thin air!
The puff of flame hits you!
* * * LOW HITPOINT WARNING * * *
Items here: )) [[ † an antimagic falchion; a leather armour; a short sword; a ring mail an orc corpse Unknown command.
You feel less confused.
You hear some strange, mumbled words.
A magic dart appears from out of thin air!
The magic dart hits you!
* * * LOW HITPOINT WARNING * * *
You hear some strange, mumbled words.
You are confused.
Items here: )) [[ † an antimagic falchion; a leather armour; a short sword; a ring mail an orc corpse You bump into the metal wall.
Something hits you.
You die...

#...# #.<.#
#...#
########...#
#..........#
###.######...#
##...# ##...#
#.{### #....#
#@## ###'###
#..)# #....#
#.#.# #..#.#
...#.. #.#..#
.## ##. #....#
# #. ###### .
.#


There were no monsters in sight!

Vanquished Creatures
  An orc wizard (D:3)
  2 orc priests (D:4)
  Crazy Yiuf (D:2)
  A hound (D:4)
  2 hound skeletons (D:4)
  Robin (D:2)
  4 gnolls (D:3)
  5 adders
  A worm (D:3)
  6 leopard geckos
  15 orcs
  3 giant cockroaches
  12 goblins
  12 hobgoblins
  3 jackals
  6 kobolds
  3 quokkas
  6 bats
  4 frilled lizards
  A leopard gecko skeleton (D:4)
  5 rats
94 creatures vanquished.

Vanquished Creatures (others)
  A goblin (D:2)
  2 jackals (D:2)
3 creatures vanquished.

Grand Total: 97 creatures vanquished

Notes
Turn   | Place    | Note
-------+----------+-------------------------------------------
     0 | D:1      | Mesmaeker13 the Demigod Fire Elementalist began the quest for the Orb.
     0 | D:1      | Reached XP level 1. HP: 14/14 MP: 5/5
     7 | D:1      | Reached skill level 1 in Conjurations
   228 | D:1      | Reached XP level 2. HP: 11/20 MP: 1/7
   389 | D:1      | Reached skill level 3 in Fire Magic
   874 | D:1      | You fall through a shaft!
   888 | D:2      | Reached XP level 3. HP: 24/26 MP: 0/8
  1539 | D:2      | Found a runed door.
  1868 | D:2      | Noticed Robin
  1875 | D:2      | Killed Robin
  2091 | D:2      | Reached XP level 4. HP: 33/33 MP: 5/9
  2317 | D:2      | Noticed Crazy Yiuf
  2324 | D:2      | Killed Crazy Yiuf
  2487 | D:3      | Learned a level 2 spell: Throw Flame
  2551 | D:3      | Found a shimmering altar of Xom.
  3169 | D:3      | Reached XP level 5. HP: 38/38 MP: 2/10
  3452 | D:3      | Found a burning altar of Makhleb.
  3637 | D:3      | Reached skill level 4 in Fire Magic
  4053 | D:4      | Reached XP level 6. HP: 20/45 MP: 11/11
  4068 | D:4      | Noticed KeeTraxx's ghost (amateur CeAM)
  4160 | D:4      | Learned a level 3 spell: Conjure Flame
  4638 | D:4      | Found a sacrificial altar of Ru.
  4718 | D:5      | Entered Level 5 of the Dungeon
  4754 | D:5      | Paralysed by an orc for 2 turns
  4786 | D:5      | HP: 1/45 [something/magic dart (2)]
  4788 | D:5      | Slain by an orc wizard

Skill      XL: |  1  2  3  4  5 |
---------------+----------------+-----
Conjurations   | 1 2 3 |  3.4
Dodging        | 2 3 |  3.8
Fire Magic     | 3 4 |  4.4
Stealth        | |  1.7
Spellcasting   | |  1.7

Action                   |  1- 3 |  4- 6 || total
-------------------------+-------+-------++-------
Melee: Unarmed           |     1 |       ||     1
       Rapier            |    11 |       ||    11
       Club              |       |    14 ||    14
       Quarterstaff      |       |    10 ||    10
 Cast: Flame Tongue      |    88 |    90 ||   178
       Throw Flame       |       |    28 ||    28
  Use: Scroll            |     4 |     1 ||     5
       Potion            |       |     4 ||     4
  Eat: Chunk             |     5 |     9 ||    14
       Ration            |       |     1 ||     1
Armor: Robe              |    11 |    20 ||    31
Dodge: Dodged            |    48 |    47 ||    95
